 Dungeon Crawl Stone Soup version 0.22-a0-271-gc000056 (webtiles) character file.

58054 grindst0ne the Dancer (level 14, -4/84 HPs)
             Began as a Vine Stalker Fighter on Mar 11, 2018.
             Was a Priest of Uskayaw.
             Succumbed to a spiny frog's poison
             ... on level 6 of the Lair of Beasts.
             The game lasted 00:43:17 (15682 turns).

grindst0ne the Dancer (Vine Stalker Fighter)       Turns: 15682, Time: 00:43:18

Health: -4/84      AC: 28    Str: 18    XL:     14   Next: 88%
Magic:  15/26      EV:  6    Int: 11    God:    Uskayaw [***...]
Gold:   1369       SH:  4    Dex: 16    Spells: 13/13 levels left

rFire    + . .     SeeInvis +   b - +8 glaive of the Guard {elec, +Rage AC+5 SInv}
rCold    + . .     Gourm    .   (shield currently unavailable)
rNeg     . . .     Faith    .   O - +4 plate armour {rC+}
rPois    .         Spirit   +   o - +0 helmet
rElec    +         Reflect  +   m - +0 cloak
rCorr    .         Harm     .   D - +0 pair of gloves
MR       +....                  g - +0 pair of boots
Stlth    ..........             p - amulet of the Trout {Reflect +Fly rElec Dex-5 Slay+2 SH+4}
HPRegen  1.04/turn              B - ring of protection from fire
MPRegen  0.20/turn              n - +4 ring of dexterity

@: lethally poisoned (-4 -> -80), berserk cooldown, slowed, very slow
A: fangs 3, regeneration 2, magic shield, antimagic bite, no potion heal 3, rot
immunity
a: Stomp, Line Pass, Renounce Religion, Evoke Berserk Rage, Evoke Flight


You were on level 6 of the Lair of Beasts.
You worshipped Uskayaw.
Uskayaw was pleased with you.
You were not hungry.

You visited 3 branches of the dungeon, and saw 19 of its levels.
You also visited: Labyrinth and Volcano.

You collected 1369 gold pieces.

Inventory:

Hand Weapons
 b - the +8 glaive of the Guard (weapon) {elec, +Rage AC+5 SInv}
   (You found it on level 5 of the Dungeon)

   Occasionally, upon striking a foe, it will discharge some electrical energy
   and cause terrible harm.
   It affects your AC (+5).
   It lets you see invisible.
   It lets you go berserk.
Missiles
 l - 18 steel javelins (quivered)
Armour
 c - a +1 shield
 g - a +0 pair of boots (worn)
 m - a +0 cloak (worn)
 o - a +0 helmet (worn)
 D - a +0 pair of gloves (worn)
 F - a +2 large shield of fire resistance
 O - a +4 plate armour of cold resistance (worn)
Jewellery
 n - a +4 ring of dexterity (right hand)
 p - the amulet of the Trout (around neck) {Reflect +Fly rElec Dex-5 Slay+2 SH+4}
   (You found it on level 4 of the Dungeon)

   [amulet of reflection]

   It shields you and reflects attacks.
   It affects your dexterity (-5).
   It affects your accuracy and damage with ranged weapons and melee attacks
   (+2).
   It insulates you from electricity.
   It lets you fly.
   It affects your SH (+4).
 r - an uncursed ring of protection from cold
 y - an uncursed ring of flight
 B - a ring of protection from fire (left hand)
 H - an uncursed ring of protection from cold
Wands
 d - a wand of polymorph (9)
 q - a wand of paralysis (23)
 J - a wand of acid (14)
 M - a wand of iceblast (20)
Scrolls
 h - 5 scrolls of fog
 j - 9 scrolls of teleportation
 k - 2 scrolls of magic mapping
 s - 2 scrolls of brand weapon
 v - 6 scrolls of remove curse
 x - 6 scrolls of identify
 C - 3 scrolls of enchant armour
 E - 4 scrolls of enchant weapon
 I - 6 scrolls of amnesia
Potions
 a - a potion of brilliance
 e - a potion of ambrosia
 i - a potion of mutation
 t - a potion of resistance
 w - 2 potions of magic
 z - 2 potions of berserk rage
 G - 2 potions of curing
Comestibles
 f - 35 rations


   Skills:
 - Level 14.0 Fighting
   Level 1.7 Short Blades
 + Level 8.3 Armour
 + Level 1.6 Dodging
 - Level 7.0 Shields
 - Level 15.0 Invocations
 - Level 6.3 Evocations


You had 13 spell levels left.
You didn't know any spells.

Dungeon Overview and Level Annotations

Branches:
Dungeon (12/15)            Temple (1/1) D:7            Lair (6/6) D:8
 Shoals (0/4) Lair:3       Spider (0/4) Lair:4        Slime (0/5) Lair:5
    Orc (0/2) D:10

Altars:
Ashenzari
Cheibriados
Dithmenos
Fedhas
Hepliaklqana
Kikubaaqudgha
Makhleb
Nemelex Xobeh
Okawaru
Qazlal
Ru
Sif Muna
Trog
Uskayaw
Vehumet
Wu Jian
Xom
Yredelemnul
Zin
The Shining One
Jiyva

Annotations:
D:6 1 runed door
Lair:5 1 runed door


Innate Abilities, Weirdness & Mutations

You have razor-sharp teeth.
You heal very quickly.
When hurt, damage is shared between your health and your magic reserves.
Your bite disrupts and absorbs the magic of your enemies.
Potions cannot restore your health.
You are immune to rotting.


Message History

The guardian serpent is no longer paralysed.
The spiny frog is no longer paralysed. x2
The guardian serpent hits the fungus!!
You are no longer berserk.
You are exhausted.
You feel yourself slow down.
* * * LOW HITPOINT WARNING * * *
You feel very sick.
The guardian serpent casts a spell.
The redback blinks!
The wolf spider blinks!
The spiny frog blinks! x2
The spiny frog stings you!
* * * LOW HITPOINT WARNING * * *
You are more poisoned.
The spiny frog poisons you!
The spiny frog stings you but does no damage.
As you read the scroll of fear, it crumbles to dust.
You assume a fearsome visage.
The redback resists with some effort.
The wolf spider looks frightened!
The guardian serpent looks frightened!
The spiny frog looks frightened!
The spiny frog easily resists.
You die...

......###.....##..##..##..##
.....#.####....##..#..#..##
......[.P.###...##.#..#.##
..).P....P..###..###..###
...###.#PP....#####§.S.## .....
...##.#.........##§§PP..# .....
..#####.#.......##..PP..# ...!.
.## ###P....###F§....#####....P
.# #[.P..###s@F.######..###... ##
##P.#P#..s##!.##.)..).(###. ###
######....##..####..##....##
..####P##.....##...#..#...##.....
.###.........##...##..##...##....
.#......P...##....#....#....##...
........P..##....##....##....##.P
.........P##.....#......#.....##P
..........##....##......##....##.


You could see a wolf spider (paralysed), a guardian serpent (fleeing), 2 spiny
frogs and a redback (paralysed).

Vanquished Creatures
  Rupert (Lair:5)
  A red draconian (Volcano)
  A minotaur (Lab)
  A fire dragon (Lair:6)
  2 hydras
  2 two-headed ogres
  A queen ant (Lair:2)
  Urug (Lair:2)
  The ghost of RoseArtemis the Cleaver, a novice MiFi of Okawaru (D:8)
  Nergalle (D:10)
  A salamander mystic (Volcano)
  An unseen horror (D:10)
  A swamp dragon (Lair:6)
  A lindwurm (Lair:6)
  Pikel (D:8)
  A wolf spider (Lair:4)
  A wolf spider zombie (D:11)
  4 salamanders (Volcano)
  An ugly thing (D:11)
  2 centaur zombies (D:11)
  12 elephants
  2 merfolk sirens (Lair:3)
  2 cyclopes
  Joseph (D:8)
  A molten gargoyle (Volcano)
  8 black mambas
  14 spiny frogs
  2 gargoyles
  A centaur skeleton (D:10)
  A rime drake (Lair:6)
  3 komodo dragons
  2 trolls
  2 merfolk (Lair:3)
  A jumping spider (Lair:4)
  3 hornets
  4 blink frogs (Lair:6)
  11 hippogriffs
  Grinder (D:3)
  3 redbacks
  A shadow (D:11)
  4 fire bats
  4 hogs (D:11)
  A human (D:11)
  8 wyverns
  15 yaks
  2 hungry ghosts
  2 basilisks (Lair:6)
  3 steam dragons (Lair:6)
  12 soldier ants (Lair:2)
  23 water moccasins
  6 porcupines
  A slave (D:8)
  2 black bears
  2 sky beasts
  3 swamp drakes (Lair:6)
  2 ice beasts
  A phantom (D:7)
  3 orc warriors
  2 ogres (D:6)
  4 centaurs
  10 crocodiles
  11 wolves
  A big kobold (D:9)
  13 bullfrogs
  3 scorpions
  18 killer bees
  4 howler monkeys
  6 lava snakes (Volcano)
  3 crimson imps
  3 hounds
  6 jellies
  3 orc priests
  7 orc wizards
  2 bullfrog skeletons
  Jessica (D:3)
  Ijyb (D:3)
  Terence (D:3)
  10 iguanas
  39 worker ants
  Natasha (thrice) (D:3)
  A killer bee zombie (D:7)
  2 hound skeletons
  Robin (D:3)
  A worker ant zombie (D:9)
  3 gnolls (D:6)
  10 adders
  A shadow imp (D:10)
  8 oozes (D:3)
  An adder zombie (D:4)
  2 worms (D:2)
  2 dart slugs (D:1)
  5 leopard geckos
  30 orcs
  A ball python (D:1)
  A bat (D:2)
  3 giant cockroaches
  12 goblins
  8 hobgoblins
  6 jackals
  20 kobolds
  3 quokkas
  10 frilled lizards
  A giant cockroach zombie (D:6)
  A quokka zombie (D:8)
  10 rats
489 creatures vanquished.

Vanquished Creatures (others)
  3 slaves (D:8)
  2 orc priests (D:8)
  An iguana (Lair:6)
  8 fungi
  5 plants (Lair:6)
  9 toadstools (D:3)
28 creatures vanquished.

Grand Total: 517 creatures vanquished

Notes
Turn   | Place    | Note
-------+----------+-------------------------------------------
     0 | D:1      | grindst0ne the Vine Stalker Fighter began the quest for the Orb.
     0 | D:1      | Reached XP level 1. HP: 11/11 MP: 2/2
   161 | D:1      | Reached XP level 2. HP: 16/16 MP: 3/3
   724 | D:2      | Reached XP level 3. HP: 18/20 MP: 4/4
   726 | D:2      | Found a hazy altar of Hepliaklqana.
   738 | D:2      | Found an ancient bone altar of Kikubaaqudgha.
   741 | D:2      | Found an iron altar of Okawaru.
   741 | D:2      | Found a sacrificial altar of Ru.
  1201 | D:2      | Gained mutation: Your natural rate of healing is unusually fast. [Vine Stalker growth]
  1201 | D:2      | Reached XP level 4. HP: 22/25 MP: 5/5
  1703 | D:3      | Noticed Jessica
  1714 | D:3      | Killed Jessica
  1714 | D:3      | Reached XP level 5. HP: 22/29 MP: 4/6
  1782 | D:3      | Noticed Grinder
  1792 | D:3      | Killed Grinder
  1792 | D:3      | Reached XP level 6. HP: 35/35 MP: 7/7
  1930 | D:3      | Noticed Terence
  1935 | D:3      | Killed Terence
  1935 | D:3      | Reached skill level 5 in Fighting
  1935 | D:3      | Reached skill level 5 in Shields
  2012 | D:3      | Noticed Robin
  2013 | D:3      | Noticed Natasha
  2029 | D:3      | Killed Natasha
  2045 | D:3      | Killed Robin
  2185 | D:3      | Found a bloodstained altar of Trog.
  2485 | D:3      | Noticed Ijyb
  2496 | D:3      | Noticed Natasha
  2496 | D:3      | Killed Ijyb
  2496 | D:3      | Reached XP level 7. HP: 39/39 MP: 8/8
  2503 | D:3      | Killed Natasha
  2738 | D:3      | Noticed Natasha
  2747 | D:3      | Killed Natasha
  3117 | D:4      | Got a translucent crystal amulet
  3464 | D:5      | Entered Level 5 of the Dungeon
  3540 | D:5      | Gained mutation: You have razor-sharp teeth. [Vine Stalker growth]
  3540 | D:5      | Reached XP level 8. HP: 41/44 MP: 7/9
  3557 | D:5      | Found the +8 glaive of the Guard {elec, +Rage AC+5 SInv}
  3613 | D:5      | Reached skill level 1 in Evocations
  4091 | D:6      | Found a glowing silver altar of Zin.
  4092 | D:6      | Found a runed door.
  4092 | D:6      | Noticed an angel
  4232 | D:6      | Identified the amulet of the Trout {Reflect +Fly rElec Dex-5 Slay+2 SH+4} (You found it on level 4 of the Dungeon)
  4612 | D:6      | Reached XP level 9. HP: 46/50 MP: 10/12
  5170 | D:7      | Found a staircase to the Ecumenical Temple.
  5179 | Temple   | Entered the Ecumenical Temple
  5249 | Temple   | Became a worshipper of Uskayaw the Reveler
  5319 | D:7      | Reached skill level 5 in Evocations
  5319 | D:7      | Reached * piety under Uskayaw
  5448 | D:8      | Noticed Pikel
  5454 | D:8      | Reached ** piety under Uskayaw
  5455 | D:8      | Killed Pikel
  5458 | D:8      | Reached *** piety under Uskayaw
  5467 | D:8      | Noticed RoseArtemis's ghost (novice MiFi)
  5617 | D:8      | Noticed Joseph
  5628 | D:8      | Killed Joseph
  5628 | D:8      | Reached XP level 10. HP: 55/58 MP: 15/15
  5682 | D:8      | Killed RoseArtemis's ghost
  5684 | D:8      | Reached skill level 10 in Fighting
  5684 | D:8      | Reached **** piety under Uskayaw
  5802 | D:8      | Found a staircase to the Lair.
  5802 | D:8      | Noticed an elephant
  5818 | D:8      | Killed an elephant
  5822 | D:8      | Reached ***** piety under Uskayaw
  6023 | D:8      | Found a basalt altar of Yredelemnul.
  6664 | D:9      | Reached skill level 9 in Invocations
  6664 | D:9      | Reached XP level 11. HP: 65/65 MP: 14/18
  7045 | D:10     | Entered Level 10 of the Dungeon
  7116 | D:10     | Noticed Nergalle
  7144 | D:10     | Killed Nergalle
  7222 | D:10     | Noticed an unseen horror
  7228 | D:10     | Killed an unseen horror
  7228 | D:10     | Gained mutation: You heal very quickly. [Vine Stalker growth]
  7228 | D:10     | Reached XP level 12. HP: 64/71 MP: 16/19
  7273 | D:10     | Noticed a two-headed ogre
  7348 | D:10     | Killed a two-headed ogre
  7612 | D:10     | Found a staircase to the Orcish Mines.
  7873 | D:11     | Noticed a two-headed ogre
  7880 | D:11     | Killed a two-headed ogre
  8506 | D:11     | Found a burning altar of Makhleb.
  8508 | D:11     | Found a shattered altar of Ashenzari.
  8508 | D:11     | Found a bloodstained altar of Trog.
  8510 | D:11     | Found a snail-covered altar of Cheibriados.
  8510 | D:11     | Found a glowing golden altar of the Shining One.
  8510 | D:11     | Found a shimmering altar of Xom.
  8793 | D:12     | Found a labyrinth entrance.
  8805 | Lab      | Entered a labyrinth
  8914 | Lab      | Noticed a minotaur
  8922 | Lab      | Killed a minotaur
  8933 | Lab      | Identified Hijyudoq's Compendium of the Enthralling Mountains
  8934 | Lab      | Got a coiled bronze ring
  8995 | D:12     | Identified the ring "Wefats" {Wiz rF- Str+3 Dex+4} (You found it in a labyrinth)
  9137 | Lair:1   | Entered Level 1 of the Lair of Beasts
  9486 | Lair:1   | Reached skill level 5 in Armour
  9882 | Lair:2   | Noticed a six-headed hydra
  9898 | Lair:2   | Killed a 15-headed hydra
  9898 | Lair:2   | Reached XP level 13. HP: 51/79 MP: 11/20
 10289 | Lair:2   | Identified the Almanac of the Ghastly Volcanoes
 10345 | Lair:2   | Reached ****** piety under Uskayaw
 10609 | Lair:2   | Noticed Urug
 10618 | Lair:2   | Killed Urug
 11355 | Lair:3   | Reached skill level 10 in Invocations
 11586 | Lair:3   | Found a staircase to the Shoals.
 11892 | Lair:4   | Found a hole to the Spider Nest.
 12049 | Lair:4   | Reached skill level 11 in Invocations
 12684 | Lair:5   | Found a dark tunnel.
 12727 | Volcano  | Entered a volcano
 12898 | Volcano  | Found a burning altar of Makhleb.
 12997 | Volcano  | Noticed a red draconian
 13008 | Volcano  | Killed a red draconian
 13008 | Volcano  | Reached skill level 12 in Invocations
 13008 | Volcano  | Reached XP level 14. HP: 84/84 MP: 22/24
 13337 | Lair:5   | Noticed Rupert
 13345 | Lair:5   | Killed Rupert
 13345 | Lair:5   | Reached skill level 13 in Invocations
 13477 | Lair:5   | Found the +8 whip "Snakebite" {curare, rPois}
 13602 | Lair:5   | Found a runed door.
 13602 | Lair:5   | Found a viscous altar of Jiyva.
 13602 | Lair:5   | Found a staircase to the Slime Pits.
 13602 | Lair:5   | Noticed an azure jelly
 13602 | Lair:5   | Noticed an azure jelly
 13952 | Lair:6   | Entered Level 6 of the Lair of Beasts
 14098 | Lair:6   | Reached skill level 14 in Invocations
 15204 | Lair:6   | Reached skill level 1 in Dodging
 15204 | Lair:6   | Reached skill level 15 in Invocations
 15682 | Lair:6   | Succumbed to a spiny frog's poison

Vault maps used:
D:1:      elethiomel_arrival_shortcut
D:2:      chequers_temple_overflow_statue_of_worship
D:3:      cheibrodos_fertilizer, lightli_temple_of_fire, first_ration,
          serial_bayou_lake_a, uniq_natasha, uniq_jessica, uniq_terence,
          uniq_ijyb, uniq_grinder, uniq_robin
D:4:      minivault_11
D:6:      lemuel_angel_altar
D:7:      minmay_temple_entry_fiery
D:8:      yredelemnul_altar_generic, david_lair_generic, uniq_pikel, uniq_joseph
D:9:      cheibrodos_barr_body
D:10:     orc_0_dummy, uniq_nergalle
D:11:     grunt_livestock, doesnt_xom_only_xom
D:12:     lab_entry_generic
Temple:   eino_temple_scatter_basement
Lair:2:   zaba_anthell, uniq_urug
Lair:3:   elwin_shoals_entry_stream, wad_woods_road_05, grunt_megastairs_2,
          serial_bayou_shore_b
Lair:4:   spider_nest_entry_funnel_web, lemuel_fruit_tree
Lair:5:   minmay_guarded_unrand_snakebite, slime_altar_2,
          nicolae_volcano_entry_batcave, uniq_rupert
Lair:6:   guppyfry_lair_end_dragon, hangedman_lair_tendril_chambers
Volcano:  volcano_lake

Skill      XL: |  1  2  3  4  5  6  7  8  9 10 11 12 13 14 |
---------------+-------------------------------------------+-----
Fighting       | 3 4 5 6 7 9 11 12 14 | 14.0
Shields        | 3 4 5 6 7 |  7.0
Evocations     | 3 6 |  6.3
Invocations    | 9 12 15 | 15.0
Armour         | 5 8 |  8.3
Dodging        | 1 |  1.6
Short Blades   | |  1.7

Action                   |  1- 3 |  4- 6 |  7- 9 | 10-12 | 13-15 || total
-------------------------+-------+-------+-------+-------+-------++-------
Melee: Rapier            |    58 |       |       |       |       ||    58
       Bite              |    22 |    39 |    73 |    96 |   179 ||   409
       Dagger            |    25 |   138 |   117 |       |       ||   280
       Glaive            |       |       |   110 |   279 |   575 ||   964
Evoke: Wand              |       |       |       |    16 |    12 ||    28
  Use: Scroll            |     5 |     4 |     3 |    15 |     7 ||    34
       Potion            |       |     5 |       |     2 |     8 ||    15
 Stab: Paralysed         |       |       |     2 |    26 |    45 ||    73
  Eat: Chunk             |     1 |     4 |    11 |    13 |    18 ||    47
       Ration            |       |       |       |     1 |     1 ||     2
Armor: Scale mail        |    32 |    40 |    14 |       |       ||    86
       Skin              |       |    17 |       |       |       ||    17
       Chain mail        |       |       |   112 |   208 |       ||   320
       Plate armour      |       |       |       |    47 |   706 ||   753
Dodge: Dodged            |    21 |    10 |    61 |   123 |   275 ||   490
Block: Shield            |    42 |    76 |    41 |       |       ||   159
       Other             |       |       |    22 |    74 |   157 ||   253
       Reflection        |       |       |       |     1 |     1 ||     2

Table legend:
 A = Spawn XP
 B = Non-spawn XP
 C = Spawn XP percentage of total XP
 D = Spawn monster count
 E = Non-spawn monster count
 F = Spawn count percentage of total count
 G = Total turns spent on level
                    A         B        C        D         E        F      G
               +---------+---------+-------+---------+---------+-------+---------
         Total |       0 |   74971 |   0.0 |       0 |     488 |   0.0 | 15682
               +---------+---------+-------+---------+---------+-------+---------
           D:1 |       0 |      31 |   0.0 |       0 |      20 |   0.0 |   713
           D:2 |       0 |     126 |   0.0 |       0 |      24 |   0.0 |   978
           D:3 |       0 |     744 |   0.0 |       0 |      54 |   0.0 |  1114
           D:4 |       0 |     218 |   0.0 |       0 |       9 |   0.0 |   659
           D:5 |       0 |     572 |   0.0 |       0 |      19 |   0.0 |   602
           D:6 |       0 |     679 |   0.0 |       0 |      18 |   0.0 |   813
           D:7 |       0 |    1056 |   0.0 |       0 |      15 |   0.0 |   484
           D:8 |       0 |    3242 |   0.0 |       0 |      25 |   0.0 |   991
           D:9 |       0 |    1635 |   0.0 |       0 |      21 |   0.0 |   716
          D:10 |       0 |    3985 |   0.0 |       0 |      19 |   0.0 |   819
          D:11 |       0 |    7651 |   0.0 |       0 |      39 |   0.0 |  1071
          D:12 |       0 |    1263 |   0.0 |       0 |       8 |   0.0 |   184
        Lair:1 |       0 |    1180 |   0.0 |       0 |       8 |   0.0 |   789
        Lair:2 |       0 |    7453 |   0.0 |       0 |      58 |   0.0 |   969
        Lair:3 |       0 |    6619 |   0.0 |       0 |      22 |   0.0 |   691
        Lair:4 |       0 |    3035 |   0.0 |       0 |      14 |   0.0 |   789
        Lair:5 |       0 |   10863 |   0.0 |       0 |      37 |   0.0 |  1013
        Lair:6 |       0 |   18021 |   0.0 |       0 |      62 |   0.0 |  1625
           Lab |       0 |    1192 |   0.0 |       0 |       1 |   0.0 |   182
       Volcano |       0 |    5406 |   0.0 |       0 |      15 |   0.0 |   400
               +---------+---------+-------+---------+---------+-------+---------
